 Dungeon Crawl Stone Soup version 0.30.0-20-g3615ddf2f0 (webtiles) character file.

Game seed: 9431806639798179621

32 qw the Shield-Bearer (level 3, -3/23 HPs)
             Began as a Gargoyle Fighter on May 31, 2023.
             Constricted to death by Natasha (5 damage)
             ... on level 2 of the Dungeon.
             The game lasted 00:00:33 (1033 turns).

qw the Shield-Bearer (Gargoyle Fighter)             Turns: 1033, Time: 00:00:33

Health: -3/23      AC: 10    Str: 21    XL:     3   Next: 25%
Magic:  3/3        EV:  6    Int:  8    God:
Gold:   20         SH:  4    Dex:  9    Spells: 2/2 levels left

rFire   . . .        Y - +0 war axe
rCold   . . .        c - +0 buckler
rNeg    + . .        b - +0 scale mail
rPois   inf          (no helmet)
rElec   +            (no cloak)
rCorr   .            (no gloves)
SInv    .            (no boots)
Will    .....        (no amulet) Stlth
                     (no ring)
HPRegen 0.23/turn    (no ring)
MPRegen 0.08/turn

%: no passive effects
@: grasped by roots, constricted
A: sickness immunity, AC +3, negative energy resistance 1, electricity
resistance, torment resistance 1, petrification resistance
a: no special abilities


You were on level 2 of the Dungeon.
You visited 1 branch of the dungeon, and saw 2 of its levels.

You collected 20 gold pieces.


Innate Abilities, Weirdness & Mutations

You are immune to sickness and miasma.
Your stone body is resilient. (AC +3)
You are immune to poison.
You resist negative energy. (rN+)
You are resistant to electric shocks. (rElec)
You are resistant to unholy torment.
You are immune to petrification.


   Skills:
 - Level 3.2 Fighting
 + Level 3.2 Axes
 - Level 3.2 Armour
 - Level 3.2 Shields


You had 2 spell levels left.
You didn't know any spells.
Your spell library was empty.

Inventory:

Hand Weapons
 h - a +0 whip
 Y - a +0 war axe (weapon)
Armour
 b - a +0 scale mail (worn)
 c - a +0 buckler (worn)
 j - a +0 helmet
Scrolls
 e - a scroll of amnesia {unknown}
 f - 2 scrolls of identify
Potions
 a - a potion of haste {unknown}
 d - a potion of might
 g - a potion of invisibility {unknown}
 i - 2 potions of heal wounds

Dungeon Overview and Level Annotations

Branches:
Dungeon (2/15)

Altars:

Annotations:
D:2 Natasha


Message History

Enter note:
Enter note:
Enter note:
Enter note: You barely miss Natasha.
Natasha claws you.
You hit Natasha.
Natasha is lightly wounded.
Natasha claws you.
Natasha zaps a wand.
The roots erupt in riotous growth!
The grasping roots grab you!
Natasha is unaffected.
The grasping roots constrict you.
You barely miss Natasha.
Natasha is lightly wounded.
Natasha howls an incantation.
Natasha's front paws start to glow.
Natasha claws you. The grasping roots constrict you.
The grasping roots release their grip on you.
You hit Natasha but do no damage.
Natasha is lightly wounded.
Natasha zaps a wand.
The roots erupt in riotous growth!
The grasping roots grab you!
Natasha is unaffected.
The grasping roots constrict you. Natasha claws you but does no damage.
The grasping roots constrict you.
You slash Natasha!
Natasha is severely wounded.
Natasha stares at you and mumbles some strange words.
The magic dart hits you but does no damage.
The grasping roots constrict you.
You barely miss Natasha.
Natasha is severely wounded.
A bat comes into view.
Natasha claws you. The grasping roots constrict you.
The grasping roots release their grip on you.
You hit Natasha.
Natasha is almost dead.
Natasha zaps a wand.
The roots erupt in riotous growth!
The grasping roots grab you!
Natasha is unaffected.
The grasping roots constrict you. Natasha claws you.
The grasping roots constrict you.
You die...

.. #......### #.#.##.
...#.#.... #.#.##.
.....#...# #.#.##.
.........#########.#:##.
...................#.##.
.......#.###.....%.#.##.
.......#.# #.......#.#
.......#.###..........#
.......@...#.......#..#
.(....h#...........#..#
.......###.#.......# ).$
.....b. ................
.......#.####.#....##.
####.#.#. #.#....# .....
#......# ...... #....###
.. ...


You could see Natasha and a bat.

Vanquished Creatures
  A dart slug (D:1)
  5 endoplasms
  A giant cockroach (D:1)
  4 goblins
  2 hobgoblins (D:2)
  2 kobolds
  A quokka (D:2)
  4 ball pythons
  2 bats (D:1)
  2 frilled lizards
  4 rats
28 creatures vanquished.

Notes
Turn   | Place    | Note
-------+----------+-------------------------------------------
     0 | D:1      | qw the Gargoyle Fighter began the quest for the Orb.
     0 | D:1      | Reached XP level 1. HP: 14/14 MP: 1/1
     0 | D:1      | 0 ||| qw: Version: 0.2-a-102-gfc559e5
     0 | D:1      | 0 ||| qw: Game counter: 510
     0 | D:1      | 0 ||| qw: Always use a shield: true
     0 | D:1      | 0 ||| qw: God list: Okawaru
     0 | D:1      | 0 ||| qw: Allow faded altars: false
     0 | D:1      | 0 ||| qw: Do Orc after D:15 true
     0 | D:1      | 0 ||| qw: Do second Lair branch before Depths: true
     0 | D:1      | 0 ||| qw: Lair rune preference: random
     0 | D:1      | 0 ||| qw: Plans: Normal, Zot:1-4, Slime:5, God:TSO, Crypt,
                  | Tomb, Pan, Hells, Abyss, Win
     0 | D:1      | 0 ||| PLANNING D:1-11
    56 | D:1      | 56 ||| Stepping ~*~*~tactically~*~*~ (stealth).
    58 | D:1      | 58 ||| Stepping ~*~*~tactically~*~*~ (stealth).
    74 | D:1      | Reached XP level 2. HP: 19/19 MP: 2/2
   289 | D:1      | 289 ||| Stepping ~*~*~tactically~*~*~ (hiding).
   447 | D:1      | 447 ||| Stepping ~*~*~tactically~*~*~ (stealth).
   648 | D:1      | Reached skill level 3 in Axes
   656 | D:1      | 656 ||| READING scroll labelled RAYCETI TAIXA.
   657 | D:1      | 657 ||| DRINKING 2 sedimented golden potions.
   658 | D:1      | 658 ||| DRINKING 2 clear potions.
   659 | D:1      | 659 ||| DROPPING potion of brilliance.
   731 | D:2      | Reached XP level 3. HP: 22/23 MP: 3/3
   864 | D:2      | 864 ||| DROPPING +0 club.
  1026 | D:2      | Noticed Natasha
  1033 | D:2      | HP: 4/23 [constriction (4)]
  1033 | D:2      | Constricted to death by Natasha

Levels and vault maps discovered:
D:1:      evilmike_arrival_crescent, layout_rooms, serial_aquarium,
          aquarium_bridge_square [aquarium_subvault_bridge,
          aquarium_subvault_wall, aquarium_subvault_bridge,
          aquarium_subvault_window], aquarium_bridge_long_separate
          [aquarium_subvault_bridge, aquarium_subvault_bridge,
          aquarium_subvault_window, aquarium_subvault_bridge,
          aquarium_subvault_wall, aquarium_subvault_wall], aquarium_window_1,
          aquarium_window_corridor_2, aquarium_view_2c, aquarium_balcony_5b,
          aquarium_pool_2, solitary_fountain, chequers_arboretum
D:2:      layout_basic, uniq_sigmund, uniq_natasha

Skill      XL: |  1  2 |
---------------+-------+-----
Axes           | 2 3 |  3.2
Fighting       | |  3.2
Armour         | |  3.2
Shields        | |  3.2

Action                     || total
---------------------------++-------
  Melee: War axe           ||    78
    Use: Potion            ||     2
         Scroll            ||     1
 Armour: Scale mail        ||    33
  Dodge: Dodged            ||    23
  Block: Buckler           ||    13

Table legend:
 A = Non-vault XP
 B = Vault XP
 C = Vault XP percentage of total XP
 D = Non-vault monster count
 E = Vault monster count
 F = Vault count percentage of total count
                 A         B        C        D         E       F
            +---------+---------+-------+---------+---------+-------
      Total |      46 |       0 |   0.0 |      28 |       0 |   0.0
            +---------+---------+-------+---------+---------+-------
        D:1 |      30 |       0 |   0.0 |      18 |       0 |   0.0
        D:2 |      16 |       0 |   0.0 |      10 |       0 |   0.0
            +---------+---------+-------+---------+---------+-------
